 Dungeon Crawl Stone Soup version 0.32-a0-799-g95e1662 (webtiles) character file.

Game seed: 15422705116326502260

43 Dorkslayer the Ducker (level 3, 0/26 HPs)
             Began as an Octopode Fighter on Mar 20, 2024.
             Slain by a goblin
             ... wielding a +0 club
             ... led by Robin
              (5 damage)
             ... on level 2 of the Dungeon on Mar 21, 2024.
             The game lasted 00:05:00 (736 turns).

Dorkslayer the Ducker (Octopode Fighter)             Turns: 736, Time: 00:05:01

Health: 0/26       AC:  1    Str: 17    XL:     3   Next: 58%
Magic:  3/3        EV: 12    Int: 10    God:
Gold:   68         SH:  4    Dex: 11    Spells: 2/2 levels left

rFire   . . .        a - +0 war axe
rCold   + . .        b - +0 buckler
rNeg    . . .        (helmet restricted)
rPois   .            (no amulet)
rElec   .            h - ring of protection from cold
rCorr   .            (no ring)
SInv    .            (no ring)
Will    .....        (no ring)
Stlth   ++           (no ring)
HPRegen 0.24/turn    (no ring)
MPRegen 0.08/turn    (no ring)
                     (no ring)

%: no passive effects
@: mighty
A: almost no armour, amphibious, 8 rings, camouflage 1, gelatinous body 1,
(nimble swimmer 1), tentacles
a: no special abilities


You were on level 2 of the Dungeon.
You visited 1 branch of the dungeon, and saw 2 of its levels.

You collected 68 gold pieces.

Inventory:

Hand Weapons
 a - a +0 war axe (weapon)
Armour
 b - a +0 buckler (worn)
Jewellery
 h - a ring of protection from cold (left tentacle)
Wands
 j - a wand of acid (4)
Scrolls
 d - a scroll of amnesia {unknown}
 i - 2 scrolls of identify {unknown}
Potions
 e - a potion of mutation {unknown}
 f - a potion of attraction {unknown}
 g - a potion of curing


   Skills:
 + Level 3.2 Fighting
 + Level 2.4 Axes
 * Level 3.6 Dodging
 + Level 0.9 Stealth
 + Level 3.3 Shields


You had 2 spell levels left.
You didn't know any spells.
Your spell library was empty.

Dungeon Overview and Level Annotations

Branches:
Dungeon (2/15)

Altars:

Shops:
D:1 :

Annotations:
D:2 Robin


Innate Abilities, Weirdness & Mutations

You cannot wear most types of armour.
You are amphibious.
You can wear up to eight rings at the same time.
Your skin changes colour to match your surroundings (Stealth+).
Your rubbery body absorbs attacks. (AC +1, EV +1)
((You are camouflaged when in or above water. (Stealth+)))
You have tentacles for arms and can constrict up to eight enemies at once.


Message History

Your squeeze misses the hobgoblin.
Robin roars a battlecry!
The goblins go into a battle-frenzy!
The hobgoblin hits you. You block the hobgoblin's attack.
You closely miss the hobgoblin. Your grab misses the hobgoblin.
You block the hobgoblin's attack. Robin throws the goblin at you!
You barely miss the hobgoblin. You grab the hobgoblin.
You squeeze the hobgoblin!
You kill the hobgoblin!
You hit the goblin.
You kill the goblin!
Robin throws the goblin at you!
You closely miss the goblin. You grab the goblin. You squeeze the goblin.
The goblin is heavily wounded.
You closely miss the goblin. You constrict the goblin.
You kill the goblin!
You block the goblin's attack. Robin throws the goblin at you!
The goblin completely misses you. You block the goblin's attack.
The goblin hits you with a +0 club.
* * * LOW HITPOINT WARNING * * *
It was a potion of curing.
You feel better. The goblin hits you with a +0 club.
The goblin closely misses you.
You feel very mighty all of a sudden. The goblin closely misses you.
The goblin hits you with a +0 club.
You barely miss the goblin. You grab the goblin. You closely miss the goblin.
You constrict the goblin.
You kill the goblin!
The goblin hits you with a +0 club.
* * * LOW HITPOINT WARNING * * *
Robin throws the goblin at you!
* * * LOW HITPOINT WARNING * * *
The goblin attacks as it pursues you! The goblin closely misses you.
The goblin barely misses you.
Items here: )))) ††.
You slash the goblin!
You kill the goblin!
You closely miss the goblin. The goblin hits you with a +0 club.
* * * LOW HITPOINT WARNING * * *
The goblin hits you with a +0 club.
You die...

######## #### . #......#
#...
....#######..[...#####.#.
....gggg@).........)....>
###########........#####.
#.).....## #. ####....#
#. #.##.# #.
...##.######.
....##.#......
.....##.#.#####
....###(#.#....


You could see Robin, a hobgoblin (strong) and 2 goblins.

Vanquished Creatures
  An adder (D:2)
  A dart slug (D:2)
  3 endoplasms
  9 goblins
  4 hobgoblins
  2 jackals (D:2)
  2 kobolds
  A quokka (D:1)
  A ball python (D:1)
  A frilled lizard (D:1)
  3 rats (D:1)
28 creatures vanquished.

Notes
Turn   | Place    | Note
-------+----------+-------------------------------------------
     0 | D:1      | Dorkslayer the Octopode Fighter began the quest for the
                  | Orb.
     0 | D:1      | Reached XP level 1. HP: 16/16 MP: 1/1
   214 | D:1      | Reached XP level 2. HP: 21/21 MP: 2/2
   238 | D:1      | Upgraded the game from 0.32-a0-793-gf47b1a0 to
                  | 0.32-a0-799-g95e1662
   318 | D:1      | Found Lilaj's Book Boutique.
   638 | D:2      | Reached XP level 3. HP: 15/26 MP: 3/3
   726 | D:2      | Noticed Robin
   736 | D:2      | Slain by a goblin

Illustrated notes

Levels and vault maps discovered:
D:1:      matt_arrival_debris, layout_loops_cross, serial_shops, shop,
          hangedman_glass_teeth
D:2:      layout_basic, uniq_robin, uniq_sigmund

Action                     || total
---------------------------++-------
  Melee: War axe           ||    48
         Constrict         ||    12
         Tentacles         ||     9
    Use: Potion            ||     2
   Stab: Sleeping          ||     4
 Armour: Skin              ||    28
  Dodge: Dodged            ||    27
  Block: Buckler           ||     9

Table legend: (Time is in decaauts)
 A = Elapsed time spent in this place.
 B = Non-inter-level travel time spent in this place.
 C = Inter-level travel time spent in this place.
 D = Time resting spent in this place.
 E = Time spent auto-exploring this place.
 F = Levels seen in this place.
 G = Mean time per level.
                   A        B        C        D        E       F      G
               +--------+--------+--------+--------+--------+-----+--------+
         Total |    755 |    755 |      0 |      0 |    441 |   2 |  377.5 |
       Dungeon |    755 |    755 |      0 |      0 |    441 |   2 |  377.5 |
               +--------+--------+--------+--------+--------+-----+--------+

Top non-repeatable levels by time:
     D:1: 589 daAuts
     D:2: 166 daAuts
